Map: Acid Plant LE

Players

Rhizer

  • Race: Protoss Protoss
  • Spawn Location: 5:00

ShoWTimE - Winner!

  • Race: Protoss Protoss
  • Spawn Location: 11:00

Event: WCS Montreal 2018

VOD

Have the link to the VOD?

Description

Time

  • Played on: Sept. 7, 2018, 12:58 p.m.
  • Length: 6:13

All games in this series

Show
View Real Time Build Order
Export as new Build Order

Rhizer Protoss 

Build Orders: Mass Adepts 

Get SALT Encoding   

  12  0:01  Probe  
  13  0:13  Probe  
  14  0:17  Pylon  
  14  0:24  Probe  
  15  0:32  Probe  
  15  0:38  Gateway  
  15  0:40  Probe  
  16  0:47  Assimilator  
  17  0:51  Probe  
  17  0:56  Assimilator  
  18  1:03  Probe  
  19  1:09  Gateway  
  19  1:15  Probe  
  20  1:26  Cybernetics Core  
  20  1:28  Probe  
  21  1:36  Pylon  
  21  1:40  Probe  
  22  1:52  Probe  
  22  1:53  Adept  
  23  1:54  Adept  
  23  2:04  Warp Gate  
  27  2:19  Adept x2  
  31  2:28  Twilight Council  
  31  2:37  Pylon  
  31  2:51  Resonating Glaives  
  31  2:55  Adept x2  
  35  3:01  Pylon  
  35  3:09  Shield Battery  
  35  3:17  Gateway  
  35  3:22  Gateway  
  35  3:33  Gateway  
  35  3:44  Adept  
  35  3:47  Adept  
  37  4:21  Dark Shrine  
  37  4:23  Adept x4  
  45  4:29  Adept  
  47  4:46  Pylon  
  47  4:51  Pylon  
  39  5:11  Adept x2  
  39  5:12  Adept x2  
  41  5:14  Adept  
  39  5:37  Dark Templar  
  39  5:38  Dark Templar  
  39  5:39  Dark Templar  
  41  6:08  Adept  
  41  6:09  Adept  
  41  6:10  Adept x2  
Show
View Real Time Build Order
Export as new Build Order

ShoWTimE Protoss - Winner!

Build Orders: Phoenix Opening 

Get SALT Encoding   

  12  0:00  Probe  
  13  0:13  Probe  
  14  0:17  Pylon  
  14  0:24  Probe  
  15  0:32  Probe  
  15  0:36  Gateway  
  15  0:40  Probe  
  16  0:46  Assimilator  
  17  0:50  Probe  
  17  0:54  Assimilator  
  18  0:58  Probe  
  19  1:06  Probe  
  19  1:11  Gateway  
  20  1:17  Probe  
  20  1:24  Cybernetics Core  
  21  1:29  Probe  
  22  1:35  Pylon  
  22  1:41  Probe  
  23  1:54  Probe  
  24  2:01  Stalker, Warp Gate, Sentry  
  28  2:10  Pylon  
  28  2:26  Stargate  
  28  2:35  Stalker  
  30  2:45  Stalker  
  32  2:54  Shield Battery  
  32  3:00  Shield Battery  
  32  3:06  Phoenix  
  32  3:09  Nexus  
  31  3:19  Shield Battery  
  33  3:23  Shield Battery  
  33  3:25  Phoenix  
  33  3:26  Shield Battery  
  33  3:27  Probe  
  36  3:42  Shield Battery  
  36  3:44  Pylon  
  36  3:45  Probe  
  37  3:52  Shield Battery  
  37  4:03  Robotics Facility  
  37  4:10  Stalker  
  39  4:26  Stalker  
  39  4:27  Shield Battery  
  41  4:44  Stalker  
  43  4:51  Cybernetics Core  
  43  4:54  Pylon  
  43  4:58  Stalker  
  43  5:08  Observer  
  44  5:15  Cybernetics Core  
  44  5:21  Probe  
  44  5:24  Probe  
  46  5:32  Pylon  
  46  5:33  Stalker x2  
  46  5:34  Probe  
  51  5:36  Probe  
  52  5:46  Probe  
  52  5:48  Probe  
  58  5:53  Cybernetics Core  
  57  5:58  Probe  
  57  6:03  Adept  
  57  6:07  Adept  
Tags
 
Add a new tag
Caveats
  • Supply blocks, unpowered buildings, or Contaminate may cause inaccurate times.
  • Supply counts are checked every 10 seconds.